[Event "Titled Tuesday Blitz July 18 Late 2023"]
[White "Rasulov, Vugar"]
[Black "Ganiev, Roman"]
[WhiteFideId "13402390"]
[BlackFideId "4131452"]
[WhiteElo "2858"]
[BlackElo "2619"]
[Result "1-0"]
[Round "6"]
[TimeControl "180+2"]
[Date "2023.07.18"]
[WhiteClock "0:01:38"]
[BlackClock "0:00:17"]
[Board "27"]

1. Nf3 Nf6 2. c4 e6 3. Nc3 Bb4 4. g3 O-O 5. Bg2 d5 6. b3 Nbd7 7. O-O Bxc3 8. dxc3 dxc4 9. Qc2 Nb6 10. Ba3 Re8 11. Rfd1 Bd7 12. Ne5 Qc8 13. Rd4 c5 14. Rh4 cxb3 15. axb3 Qc7 16. Ng4 Nxg4 17. Qxh7+ Kf8 18. Rxg4 g6 19. Rg5 e5 20. Qh8+ Ke7 21. Qxe5+ Qxe5 22. Rxe5+ Kf6 23. Rxe8 Rxe8 24. Bxc5 Rxe2 25. Bxb7 Be6 26. Bd4+ Kf5 27. Bf3 Rb2 28. Ra5+ Nd5 29. Bxd5 Kg4 30. Kg2 Ra2 31. Bf3# 1-0


[Site "https://www.chess.com"]

[Event "Titled Tuesday Blitz July 18 Late 2023"]
[White "Glavina, Pablo"]
[Black "Gadimbayli, Abdulla"]
[WhiteFideId "100234"]
[BlackFideId "13404938"]
[WhiteElo "2473"]
[BlackElo "2843"]
[Result "0-1"]
[Round "6"]
[TimeControl "180+2"]
[Date "2023.07.18"]
[WhiteClock "0:00:05"]
[BlackClock "0:00:46"]
[Board "28"]

1. c4 Nf6 2. Nc3 g6 3. g3 Bg7 4. Bg2 O-O 5. Nf3 b6 6. O-O Bb7 7. Re1 c5 8. d4 cxd4 9. Qxd4 Nc6 10. Qd1 Rc8 11. Bg5 d6 12. Rc1 h6 13. Bxf6 Bxf6 14. b3 Qd7 15. Nd5 Bg7 16. e3 Rfd8 17. Qd2 e6 18. Nf4 Ne7 19. Red1 d5 20. cxd5 Rxc1 21. Qxc1 exd5 22. Nd4 Rc8 23. Qa3 a6 24. Bh3 f5 25. Nxg6 Nxg6 26. Bxf5 Qe8 27. Bxc8 Bxc8 28. Qd6 Bg4 29. Rc1 Qe4 30. Rc7 Bh3 31. Qd8+ Kh7 32. Rxg7+ Kxg7 33. Qc7+ Ne7 0-1


[Site "https://www.chess.com"]

[Event "Titled Tuesday Blitz July 18 Late 2023"]
[White "Alex_Sahakyan2006"]
[Black "Bortnyk, Mykola"]
[BlackFideId "14120836"]
[WhiteElo "2663"]
[BlackElo "3026"]
[Result "1/2-1/2"]
[Round "6"]
[TimeControl "180+2"]
[Date "2023.07.18"]
[WhiteClock "0:00:03"]
[BlackClock "0:00:08"]
[Board "29"]

1. e4 Nf6 2. Nc3 d5 3. exd5 Nxd5 4. Qf3 Nb4 5. Bc4 e6 6. Bb3 N8c6 7. Nge2 Na5 8. Ba4+ Bd7 9. a3 Nd5 10. Bxd7+ Qxd7 11. d4 Nc6 12. Ne4 Be7 13. O-O Nf6 14. c3 h6 15. N2g3 O-O-O 16. Nxf6 gxf6 17. Qh5 Bd6 18. Ne4 Qe7 19. Re1 f5 20. Nxd6+ Rxd6 21. Bf4 Rd5 22. Rad1 b5 23. a4 bxa4 24. Qe2 Kb7 25. Qc4 Qd7 26. Qxa4 Ra5 27. Qb3+ Ka8 28. c4 Rb8 29. Qf3 Rb7 30. d5 exd5 31. cxd5 Nb8 32. d6 cxd6 33. Bxd6 Qc6 34. Qxc6 Nxc6 35. Re8+ Nb8 36. Be5 Rab5 37. f4 a5 38. Rdd8 Ka7 39. Bxb8+ Rxb8 40. Rxb8 Rxb8 41. Rxb8 Kxb8 42. Kf2 Kc7 43. Ke3 Kc6 44. Kd4 Kb5 45. Ke5 Kc4 46. Kxf5 Kb3 47. Kf6 Kxb2 48. Kxf7 a4 49. f5 a3 50. f6 a2 51. Kg8 a1=Q 52. f7 Qa2 53. Kg7 Qa7 54. Kg8 Qg1 55. f8=Q Qxh2 56. Qg7+ Kc2 57. g4 Qh4 58. Kh7 Kd3 59. Qg6+ Ke2 60. Qh5 Qe7+ 61. Kxh6 Qf8+ 62. Kh7 Qe7+ 63. Kg8 Qd8+ 64. Kg7 Qd4+ 65. Kf7 Qd7+ 66. Kf6 Qd6+ 67. Kg5 Kf3 68. Qh3+ Kf2 69. Qh4+ Kf3 70. Qh1+ Kg3 71. Qg1+ Kh3 72. Qf1+ Kg3 73. Qe1+ Kh3 74. Qh4+ Kg2 75. Kh5 Qe6 76. g5 Qf7+ 77. Kh6 Qf8+ 78. Kh7 Qf7+ 79. Kh6 Qf8+ 80. Kg6 Qg8+ 81. Kf6 Qf8+ 82. Ke5 Qe7+ 83. Kd5 Qd7+ 84. Kc5 Qe7+ 85. Kb5 Qb7+ 86. Kc4 Qc6+ 87. Kd3 Qb5+ 88. Kc3 Qa5+ 89. Kb3 Qb5+ 90. Kc2 Qc5+ 91. Kd3 Qd5+ 92. Ke3 Qb3+ 93. Ke2 Qc2+ 94. Ke3 Qc3+ 95. Ke2 Qc2+ 96. Ke3 Qb3+ 97. Kd2 Qb2+ 98. Kd3 Qb3+ 99. Ke2 Qf3+ 100. Kd2 Qd5+ 101. Ke3 Qb3+ 1/2-1/2


[Site "https://www.chess.com"]

[Event "Titled Tuesday Blitz July 18 Late 2023"]
[White "Leon Oquendo, Jorge"]
[Black "Kramnik, Vladimir"]
[WhiteFideId "3514803"]
[BlackFideId "4101588"]
[WhiteElo "2630"]
[BlackElo "2967"]
[Result "0-1"]
[Round "6"]
[TimeControl "180+2"]
[Date "2023.07.18"]
[WhiteClock "0:00:00"]
[BlackClock "0:00:04"]
[Board "31"]

1. d4 Nf6 2. c4 e6 3. Nc3 d5 4. Bg5 Be7 5. e3 h6 6. Bh4 O-O 7. Nf3 b6 8. cxd5 Nxd5 9. Bxe7 Qxe7 10. Nxd5 exd5 11. Be2 Rd8 12. O-O c5 13. dxc5 bxc5 14. Qa4 Be6 15. Rac1 Nd7 16. Qa5 Qd6 17. b3 Qb6 18. Qa6 Nf6 19. Rfd1 Rac8 20. h3 Ne4 21. Nd2 Nd6 22. Nf3 Nf5 23. Bd3 Ne7 24. Qa3 a5 25. Bf1 Qb4 26. Qb2 a4 27. Qc3 Qa3 28. Ne5 d4 29. Qa5 Qxa2 30. bxa4 Nf5 31. Bc4 Bxc4 32. Rxc4 Ra8 33. Qd2 Qxd2 34. Rxd2 dxe3 35. Rxd8+ Rxd8 36. fxe3 Nxe3 37. Rxc5 Rd2 38. g4 f6 39. Rc8+ Kh7 40. Nf3 Rg2+ 41. Kh1 Rf2 42. Nd4 Rf1+ 43. Kh2 Ra1 44. Ra8 Ra2+ 45. Kg3 Nf1+ 46. Kf3 Ra3+ 47. Ke4 Rxh3 48. a5 Re3+ 49. Kd5 Ra3 50. a6 Ne3+ 51. Kc6 Nxg4 52. Nb5 Ne5+ 53. Kb7 Rb3 54. Kb6 Nc4+ 55. Kc5 Ne5 56. a7 Nd7+ 57. Kc4 Nb6+ 58. Kxb3 Nxa8 59. Kb4 h5 60. Kc5 h4 61. Kc6 h3 62. Nc7 h2 63. Nxa8 h1=Q+ 0-1


[Site "https://www.chess.com"]

[Event "Titled Tuesday Blitz July 18 Late 2023"]
[White "Bartel, Mateusz"]
[Black "Tarhan, Adar"]
[WhiteFideId "1112635"]
[BlackFideId "34544712"]
[WhiteElo "2842"]
[BlackElo "2607"]
[Result "1-0"]
[Round "6"]
[TimeControl "180+2"]
[Date "2023.07.18"]
[WhiteClock "0:01:47"]
[BlackClock "0:01:15"]
[Board "32"]

1. e3 Nf6 2. c4 e5 3. Nc3 Bb4 4. Nge2 c6 5. a3 Bd6 6. Ng3 Bc7 7. d4 exd4 8. exd4 d5 9. cxd5 Nxd5 10. Bd3 Be6 11. O-O O-O 12. Qh5 Nf6 13. Qh4 Nbd7 14. Bg5 h6 15. Bxh6 gxh6 16. Qxh6 Bxg3 17. fxg3 Re8 18. Rf4 Bg4 19. Raf1 Re6 20. Rxg4+ Nxg4 21. Qh7+ Kf8 22. Qxf7# 1-0


[Site "https://www.chess.com"]

[Event "Titled Tuesday Blitz July 18 Late 2023"]
[White "Medarde Santiago, Luis Marcos"]
[Black "Karacsonyi, Gellert"]
[WhiteFideId "2263076"]
[BlackFideId "764620"]
[WhiteElo "2619"]
[BlackElo "2812"]
[Result "0-1"]
[Round "6"]
[TimeControl "180+2"]
[Date "2023.07.18"]
[WhiteClock "0:00:08"]
[BlackClock "0:00:19"]
[Board "33"]

1. e4 c5 2. Nf3 Nc6 3. d4 cxd4 4. Nxd4 g6 5. Nc3 Bg7 6. Be3 Nf6 7. Bc4 O-O 8. Bb3 Re8 9. h4 h5 10. f3 e6 11. Qd2 d5 12. Nxc6 bxc6 13. O-O-O Qc7 14. g4 dxe4 15. Nxe4 Nxe4 16. fxe4 Qe5 17. c3 hxg4 18. h5 Qxe4 19. Bc2 Qd5 20. Qf2 Qf3 21. Qxf3 gxf3 22. hxg6 f5 23. Ba4 f4 24. Bxf4 Ba6 25. Bxc6 f2 26. Be3 f1=Q 27. Rdxf1 Bxf1 28. Rxf1 Rf8 29. Rf7 Rad8 30. Bd7 e5 31. Be6 Rxf7 32. gxf7+ Kh7 33. Bxa7 Kg6 34. b4 Bh6+ 35. Kc2 e4 36. Bb6 Rd6 37. Bc5 Rxe6 38. f8=Q Bxf8 39. Bxf8 e3 40. Kd1 e2+ 41. Ke1 Kf5 42. b5 Kf4 43. c4 Ke3 44. Bc5+ Kd3 45. b6 Rf6 46. Bf2 Rxf2 47. Kxf2 Kd2 48. b7 e1=Q+ 49. Kf3 Qh1+ 0-1


[Site "https://www.chess.com"]

[Event "Titled Tuesday Blitz July 18 Late 2023"]
[White "Pinero Rodriguez, Carlos Jose"]
[Black "Skvortsov, Andrei"]
[WhiteFideId "3901726"]
[BlackFideId "24108600"]
[WhiteElo "2596"]
[BlackElo "2801"]
[Result "1-0"]
[Round "6"]
[TimeControl "180+2"]
[Date "2023.07.18"]
[WhiteClock "0:00:54"]
[BlackClock "0:00:17"]
[Board "34"]

1. b3 a5 2. a3 c5 3. e3 a4 4. b4 cxb4 5. axb4 e5 6. b5 d5 7. c4 a3 8. cxd5 Nf6 9. Nc3 Nxd5 10. Qb3 Nxc3 11. Qxc3 Be6 12. Bxa3 Nd7 13. Bxf8 Kxf8 14. Nf3 f6 15. Be2 Rxa1+ 16. Qxa1 Kf7 17. O-O Nb6 18. d4 e4 19. Nd2 Bd5 20. Rc1 Qd6 21. Qb1 f5 22. Rc5 Rc8 23. Qc1 Rxc5 24. dxc5 Qc7 25. Qa3 Nd7 26. Nb3 Bxb3 27. Qxb3+ Kf6 28. Qc3+ Qe5 29. Qxe5+ Nxe5 30. f4 exf3 31. Bxf3 Nd7 32. c6 bxc6 33. bxc6 Nb6 34. Kf2 Ke5 35. h4 Na8 36. Ke2 Nc7 37. Kd3 Kd6 38. Kc4 h6 39. h5 g5 40. hxg6 Ne6 41. Kb5 Kc7 42. Bd5 Ng7 43. Kc5 Ne8 44. Bf3 Ng7 45. Kd5 Ne8 46. Ke5 1-0


[Site "https://www.chess.com"]

[Event "Titled Tuesday Blitz July 18 Late 2023"]
[White "Krishnan, Varun"]
[Black "Oro, Faustino"]
[WhiteFideId "5054508"]
[BlackFideId "20000197"]
[WhiteElo "2590"]
[BlackElo "2780"]
[Result "1-0"]
[Round "6"]
[TimeControl "180+2"]
[Date "2023.07.18"]
[WhiteClock "0:00:24"]
[BlackClock "0:00:16"]
[Board "35"]

1. a3 d5 2. d4 Nf6 3. Nf3 Bf5 4. c4 e6 5. e3 c6 6. Nc3 h6 7. b4 Bd6 8. Bb2 O-O 9. Bd3 Ne4 10. c5 Bc7 11. Qc2 Nxc3 12. Bxc3 Bxd3 13. Qxd3 Nd7 14. O-O b5 15. e4 Nf6 16. e5 Ne4 17. Bb2 f6 18. Nd2 Nxd2 19. Qxd2 fxe5 20. dxe5 Qe7 21. Rfe1 Rf5 22. a4 a6 23. axb5 cxb5 24. Bd4 Qh4 25. Ra3 Qe7 26. Qa2 Rf4 27. Rd1 Raf8 28. Rxa6 Qh4 29. g3 Qg4 30. Qd2 Re4 31. Ra7 Bxe5 32. Bxe5 Rxe5 33. c6 Re2 34. Qd4 Re1+ 35. Kg2 Qf3+ 36. Kh3 Qf5+ 37. Kg2 Re4 38. Qxg7# 1-0


[Site "https://www.chess.com"]

[Event "Titled Tuesday Blitz July 18 Late 2023"]
[White "Trifan, Andrei Ioan"]
[Black "Morefield, Jason"]
[WhiteFideId "12967068"]
[BlackFideId "30920825"]
[WhiteElo "2561"]
[BlackElo "2759"]
[Result "1-0"]
[Round "6"]
[TimeControl "180+2"]
[Date "2023.07.18"]
[WhiteClock "0:00:14"]
[BlackClock "0:00:08"]
[Board "36"]

1. e4 d6 2. d4 Nf6 3. Nc3 g6 4. f4 Bg7 5. Nf3 c5 6. dxc5 Qa5 7. Bd3 Qxc5 8. Qe2 O-O 9. Be3 Qa5 10. O-O Nc6 11. h3 Be6 12. Nd4 Nxd4 13. Bxd4 Rfc8 14. f5 Bd7 15. fxg6 hxg6 16. Bc4 Qb4 17. b3 e5 18. Rxf6 Rxc4 19. Nd5 exd4 20. Nxb4 Rxb4 21. Rxd6 Bc6 22. e5 Rb5 23. e6 d3 24. exf7+ Kf8 25. Qxd3 Bxa1 26. Qxg6 Bg7 27. Rd3 Rd5 28. Rg3 Rd1+ 29. Kh2 Bd4 30. Rg4 Bg1+ 31. Kg3 Ke7 32. Qg5+ Kxf7 33. Rf4+ Ke6 34. Qg4+ Kd6 35. Qxd1+ Kc7 36. Qxg1 1-0


[Site "https://www.chess.com"]

[Event "Titled Tuesday Blitz July 18 Late 2023"]
[White "Taranenko, Evgueniy"]
[Black "Besedes, Danilo"]
[WhiteFideId "14122138"]
[BlackFideId "946796"]
[WhiteElo "2749"]
[BlackElo "2546"]
[Result "0-1"]
[Round "6"]
[TimeControl "180+2"]
[Date "2023.07.18"]
[WhiteClock "0:00:26"]
[BlackClock "0:00:08"]
[Board "37"]

1. e4 g6 2. d4 Bg7 3. Nc3 c6 4. f4 d5 5. e5 h5 6. Nf3 Bg4 7. Be3 Nh6 8. Bd3 Nf5 9. Bf2 e6 10. h3 Bxf3 11. Qxf3 h4 12. O-O-O Nd7 13. Ne2 Bf8 14. Ng1 Be7 15. Qe2 Qa5 16. Kb1 a6 17. Nf3 c5 18. c3 b5 19. Bxf5 gxf5 20. Qe1 Rb8 21. dxc5 b4 22. cxb4 Rxb4 23. a3 Rb5 24. Qxa5 Rxa5 25. c6 Nc5 26. b4 Rb5 27. Bxc5 Bxc5 28. Ka2 Be3 29. Rhf1 Rb6 30. Nd4 Rg8 31. Kb3 Rxg2 32. Ka4 Bxd4 33. Rxd4 Rxc6 34. Rf3 Ke7 35. Ka5 f6 36. exf6+ Kxf6 37. Rdd3 Re2 38. Rc3 Rxc3 39. Rxc3 d4 40. Rd3 Re3 41. Kxa6 Rxd3 42. a4 Ra3 43. a5 d3 44. b5 d2 45. b6 d1=Q 46. b7 Qd6+ 47. Ka7 Rxa5# 0-1


[Site "https://www.chess.com"]

[Event "Titled Tuesday Blitz July 18 Late 2023"]
[White "Marosi, Levente"]
[Black "Llorente Zaro, Alfonso"]
[WhiteFideId "747181"]
[BlackFideId "2254131"]
[WhiteElo "2541"]
[BlackElo "2745"]
[Result "1/2-1/2"]
[Round "6"]
[TimeControl "180+2"]
[Date "2023.07.18"]
[WhiteClock "0:00:14"]
[BlackClock "0:00:15"]
[Board "38"]

1. e4 c5 2. Nf3 Nc6 3. d4 cxd4 4. Nxd4 e5 5. Nb5 d6 6. g3 Be7 7. Bg2 a6 8. N5a3 Nf6 9. O-O h5 10. Bg5 Be6 11. Nc3 b5 12. Bxf6 gxf6 13. Nd5 h4 14. c4 Rb8 15. cxb5 axb5 16. Rc1 Qd7 17. Qc2 Nd4 18. Qd3 Bh3 19. Rc7 hxg3 20. Rxd7 gxh2+ 21. Kh1 Bxd7 22. Nc2 Ne6 23. Nce3 b4 24. Qd2 Nd4 25. Nf5 Bxf5 26. exf5 Bd8 27. Re1 Kf8 28. Ne3 Bb6 29. Nc2 Rc8 30. Nxd4 Bxd4 31. Rc1 Kg7 32. Rxc8 Rxc8 33. Kxh2 Rc7 34. Bd5 Rc5 35. Bf3 d5 36. Qxb4 Rc2 37. Bxd5 Bxf2 38. Kh3 Rc7 39. Qg4+ Kf8 40. Qb4+ Kg7 41. Qb8 Rd7 42. Qa8 e4 43. Kg4 Bd4 44. Bxe4 Be5 45. Bd5 Rc7 46. a4 Rc5 47. b3 Rc3 48. Qb7 Rg3+ 49. Kh4 Kh6 50. Qxf7 Rg1 51. Qf8+ Kh7 52. Qf7+ Kh6 53. Qf8+ Kh7 54. Bf3 Bf4 55. Qf7+ Kh6 56. Qxf6+ Kh7 57. Qf7+ Kh6 58. Qh5+ Kg7 59. f6+ Kxf6 60. Qg4 Rxg4+ 61. Kxg4 Bd2 62. Bd5 Ke5 63. Bc4 Kd6 64. Kf3 Bb4 65. Ke4 Kc7 66. Kd4 Kb6 67. Kd5 Ka5 68. Kc6 Be1 69. Bd5 Bb4 70. Be4 Be1 71. Kd5 Bb4 72. Kc4 Be1 73. Bd5 Bb4 74. Bc6 Ba3 75. Bb5 Bb4 76. Bc6 Ba3 77. Bb5 Bb4 78. Bc6 1/2-1/2


[Site "https://www.chess.com"]

[Event "Titled Tuesday Blitz July 18 Late 2023"]
[White "Amburgy, Ryan"]
[Black "Matinian, Nikita"]
[WhiteFideId "30924820"]
[BlackFideId "24129100"]
[WhiteElo "2673"]
[BlackElo "2739"]
[Result "1-0"]
[Round "6"]
[TimeControl "180+2"]
[Date "2023.07.18"]
[WhiteClock "0:00:53"]
[BlackClock "0:00:02"]
[Board "39"]

1. Nf3 g6 2. d4 Bg7 3. e4 d6 4. c4 Bg4 5. Be3 Nc6 6. Be2 Bxf3 7. Bxf3 e5 8. d5 Nd4 9. Nc3 c5 10. dxc6 bxc6 11. O-O Ne7 12. g3 O-O 13. Bg2 Rb8 14. b3 c5 15. Nd5 Nxd5 16. cxd5 f5 17. exf5 gxf5 18. Bxd4 cxd4 19. Rc1 e4 20. Rc6 d3 21. f3 Qg5 22. Rxd6 Rbd8 23. Rxd8 Rxd8 24. fxe4 fxe4 25. Rf4 Qxd5 26. Bxe4 Qc5+ 27. Kg2 d2 28. Rf2 Qe3 29. Bc2 Qc3 30. Be4 h6 31. Rf3 Qc1 32. Rf1 Qb2 33. Kh3 Kh8 34. Qg4 Qd4 35. Qg6 Qd7+ 36. g4 Bf8 37. Rf7 d1=Q 38. Qh7# 1-0


[Site "https://www.chess.com"]

[Event "Titled Tuesday Blitz July 18 Late 2023"]
[White "Mikhailovsky, Vladimir"]
[Black "Berezin, Viktor"]
[WhiteFideId "34105414"]
[BlackFideId "14107872"]
[WhiteElo "2730"]
[BlackElo "2521"]
[Result "1-0"]
[Round "6"]
[TimeControl "180+2"]
[Date "2023.07.18"]
[WhiteClock "0:00:05"]
[BlackClock "0:00:01"]
[Board "40"]

1. d4 Nf6 2. c4 g6 3. Nc3 Bg7 4. e4 O-O 5. Nf3 d6 6. Be2 e5 7. Be3 Na6 8. O-O Ng4 9. Bg5 f6 10. Bc1 Nh6 11. Rb1 c6 12. b4 Nf7 13. b5 Nc7 14. a4 Qe7 15. a5 f5 16. Re1 f4 17. Ba3 g5 18. dxe5 Bxe5 19. Nxe5 Qxe5 20. Bb2 Qe7 21. a6 Ne5 22. axb7 Bxb7 23. bxc6 Bxc6 24. Nd5 Nxd5 25. exd5 Bd7 26. Bd3 f3 27. g3 Rae8 28. c5 Qf7 29. cxd6 Ng4 30. Bf1 Qh5 31. h3 Rxe1 32. Qxe1 Nf6 33. Bxf6 Rxf6 34. Qe7 Rf7 35. Rb8+ Kg7 36. Qe5+ Rf6 37. Rf8 Kxf8 38. Qxf6+ Kg8 39. Qd8+ Qe8 40. Qxg5+ Kf7 41. Qf4+ Kg8 42. Qxf3 Qe5 43. Qa3 a6 44. Qxa6 Kf7 45. Qa8 Qxd6 46. Qd8 Qxd5 47. Qh4 Bf5 48. Qf4 Kf6 49. Bg2 Qd1+ 50. Kh2 Kg6 51. g4 Bd3 52. Be4+ Bxe4 53. Qxe4+ Kg7 54. Kg3 Qb3+ 55. Kh4 Qb2 56. Qe7+ Kg6 57. Qe4+ Kg7 58. Qf4 h6 59. Kg3 Qc3+ 60. Kg2 Qb2 61. Qf3 Kg6 62. Qg3 h5 63. Qf3 hxg4 64. hxg4 Kg5 65. Qf5+ Kh6 66. g5+ Kg7 67. Kg3 Qc3+ 68. f3 Qe1+ 69. Kg4 Qg1+ 70. Kh4 Qh2+ 71. Qh3 Qf4+ 72. Kh5 Qf7+ 73. Kg4 Qe6+ 74. Kg3 Qe1+ 75. Kf4 Qd2+ 76. Kg4 Qd7+ 77. Kh4 Qd4+ 78. Qg4 Qf2+ 79. Qg3 Qd4+ 80. f4 Kg6 81. Kg4 Qd7+ 82. Kf3 Qd3+ 83. Kg2 Qe2+ 84. Qf2 Qg4+ 85. Kh2 Kf5 86. Qg3 Qh5+ 87. Qh3+ Kg6 88. Qxh5+ Kxh5 89. Kg3 Kg6 90. Kf3 1-0


[Site "https://www.chess.com"]

[Event "Titled Tuesday Blitz July 18 Late 2023"]
[White "Kleiman, Jake"]
[Black "Haydon, David L"]
[WhiteFideId "2020041"]
[BlackFideId "415405"]
[WhiteElo "2501"]
[BlackElo "2706"]
[Result "0-1"]
[Round "6"]
[TimeControl "180+2"]
[Date "2023.07.18"]
[WhiteClock "0:00:03"]
[BlackClock "0:00:30"]
[Board "41"]

1. e4 c6 2. Nc3 d5 3. Nf3 Bg4 4. h3 Bxf3 5. Qxf3 e6 6. a3 Nf6 7. g3 Nbd7 8. d3 Bc5 9. Bg2 h5 10. Qe2 h4 11. g4 dxe4 12. dxe4 Qc7 13. f4 g5 14. Rf1 gxf4 15. Bxf4 Qa5 16. Bd2 Bd4 17. Nd5 Qd8 18. Nxf6+ Bxf6 19. O-O-O Be5 20. Be3 Qe7 21. Qf2 Nb6 22. Bc5 Qc7 23. Kb1 Na4 24. Bd4 Rh7 25. Bxe5 Qxe5 26. Rd4 b5 27. c3 Nb6 28. Rfd1 c5 29. Rd6 Rc8 30. Bf1 c4 31. Qf3 Rh6 32. Qe3 Rf6 33. Be2 Kf8 34. R6d2 Kg7 35. Rf1 Rxf1+ 36. Bxf1 Nd5 37. Qf3 Nf6 38. Rd4 Rc6 39. Qe3 Rd6 40. g5 Nh5 41. Be2 Rxd4 42. cxd4 Qf4 43. Qc3 Qxe4+ 44. Qc2 Qxc2+ 45. Kxc2 Nf4 46. Bf1 Nd5 47. a4 Ne3+ 48. Kc3 Nxf1 49. axb5 Ne3 50. Kb4 Kg6 51. Ka5 Kxg5 52. Ka6 Nd5 53. Kxa7 f5 54. b6 Nxb6 0-1


[Site "https://www.chess.com"]

[Event "Titled Tuesday Blitz July 18 Late 2023"]
[White "Willy, Stephen"]
[Black "Richter, Paul"]
[WhiteFideId "30981468"]
[BlackFideId "2046350"]
[WhiteElo "2414"]
[BlackElo "2526"]
[Result "0-1"]
[Round "6"]
[TimeControl "180+2"]
[Date "2023.07.18"]
[WhiteClock "0:00:08"]
[BlackClock "0:00:10"]
[Board "42"]

1. e4 c5 2. Nf3 d6 3. b4 Nf6 4. bxc5 Nxe4 5. cxd6 Nxd6 6. Bb2 Nc6 7. Nc3 e5 8. Nb5 Qb6 9. Nxd6+ Bxd6 10. Rb1 Qa5 11. Bc4 O-O 12. Ng5 Bf5 13. h4 Nd4 14. Bxd4 exd4 15. Rxb7 Rae8+ 16. Kf1 Re7 17. Rxe7 Bxe7 18. Bb3 h6 19. Nf3 d3 20. c3 Bf6 21. Qe1 Qb5 22. Qe3 a5 23. Qf4 Re8 24. g4 Be4 25. Kg2 a4 26. Bd1 Qd5 27. Rh3 Re5 28. Kg1 Re6 29. Rg3 g5 30. hxg5 hxg5 31. Qe3 Kg7 32. Qa7 Bg6 33. Kg2 Re2 34. Bxe2 dxe2 35. Kh2 Qxf3 36. Rxf3 e1=Q 37. Qe3 Qd1 38. d4 Qb1 39. Rxf6 Be4 40. Qxg5+ Kf8 41. Rd6 Qh1+ 42. Kg3 Qf3+ 43. Kh4 Qxf2+ 44. Kh5 Qh2+ 45. Qh4 Qxd6 46. Qg5 Qg6+ 47. Qxg6 fxg6+ 48. Kg5 Kf7 49. Kf4 Bd5 50. Ke5 Bxa2 51. d5 Bxd5 52. Kxd5 a3 53. c4 a2 54. c5 a1=Q 55. c6 Qa8 56. Kd6 Qc8 57. c7 Qxg4 58. Kc6 Qc8 59. Kb6 g5 60. Kc6 g4 61. Kd5 g3 62. Kd6 g2 63. Kc5 g1=Q+ 0-1


[Site "https://www.chess.com"]

[Event "Titled Tuesday Blitz July 18 Late 2023"]
[White "Delorme, Axel"]
[Black "Nguyen, Ngoc Truong Son"]
[WhiteFideId "632023"]
[BlackFideId "12401110"]
[WhiteElo "2454"]
[BlackElo "2858"]
[Result "0-1"]
[Round "6"]
[TimeControl "180+2"]
[Date "2023.07.18"]
[WhiteClock "0:00:00"]
[BlackClock "0:01:22"]
[Board "43"]

1. e4 c5 2. Nf3 d6 3. Bb5+ Bd7 4. Bxd7+ Qxd7 5. O-O Nc6 6. c3 e5 7. d4 cxd4 8. cxd4 Nf6 9. Nc3 Be7 10. Bg5 O-O 11. dxe5 dxe5 12. Bxf6 Qxd1 13. Rfxd1 Bxf6 14. Rd7 Rab8 15. Rad1 Rfd8 16. Nd5 Rxd7 17. Nxf6+ gxf6 18. Rxd7 Rd8 19. Rxd8+ Nxd8 20. Kf1 Ne6 21. g3 Nc5 22. Nd2 Kf8 23. Ke2 Ke7 24. Ke3 Ke6 25. g4 Na4 26. b3 Nc3 27. a4 Kd6 28. Kd3 Na2 29. Kc4 a6 30. Nf1 b5+ 31. axb5 axb5+ 32. Kxb5 Nc3+ 33. Ka6 Nxe4 34. b4 Nxf2 35. b5 Nd3 36. b6 Nc5+ 37. Ka7 e4 38. b7 Nxb7 39. Kxb7 Ke5 40. Kc6 Kf4 41. Kd5 e3 42. Ng3 Kf3 43. Kd4 e2 44. Nxe2 Kxe2 45. Ke4 Kf2 46. Kf4 Kg2 47. h4 Kh3 48. h5 h6 49. Kf5 Kg3 50. Kxf6 Kxg4 51. Kxf7 Kxh5 52. Kf6 Kg4 0-1


[Site "https://www.chess.com"]

[Event "Titled Tuesday Blitz July 18 Late 2023"]
[White "Cordova, Emilio"]
[Black "MFatigue"]
[WhiteFideId "3801497"]
[WhiteElo "2829"]
[BlackElo "2533"]
[Result "1/2-1/2"]
[Round "6"]
[TimeControl "180+2"]
[Date "2023.07.18"]
[WhiteClock "0:00:09"]
[BlackClock "0:00:05"]
[Board "44"]

1. e4 e6 2. Nc3 d5 3. Nf3 d4 4. Ne2 c5 5. d3 Nc6 6. h4 Nf6 7. g3 e5 8. Bg2 Bg4 9. Nh2 Qd7 10. O-O Bh3 11. f4 Bd6 12. f5 Bxg2 13. Kxg2 O-O-O 14. Bg5 h6 15. Bxf6 gxf6 16. Nf3 h5 17. Nd2 Rdg8 18. a4 Bf8 19. Nc4 Bh6 20. c3 Rg7 21. Rf3 Rhg8 22. Kf1 Rg4 23. a5 Kb8 24. Qb3 Qc7 25. Qb5 Ne7 26. a6 b6 27. Ra3 Nc8 28. cxd4 exd4 29. b4 Rxg3 30. Nxg3 Rxg3 31. Rf2 Be3 32. bxc5 Bxf2 33. cxb6 axb6 34. a7+ Nxa7 35. Qe8+ Nc8 36. Rb3 Ka7 37. e5 Be3 38. Ra3+ Kb8 39. Rb3 Ka7 40. Qa4+ Kb8 41. Qe8 Qb7 42. Rxb6 Rg1+ 43. Ke2 Rg2+ 44. Kd1 Rg1+ 45. Kc2 Rg2+ 46. Kb1 Rg1+ 47. Ka2 Rg2+ 48. Ka3 Bc1+ 49. Ka4 Ra2+ 50. Kb3 Rb2+ 51. Nxb2 Qxb6+ 52. Kc4 Bxb2 53. e6 fxe6 54. fxe6 Qc7+ 55. Kb3 Qc3+ 56. Ka2 Qa3+ 57. Kb1 Qa1+ 58. Kc2 Qc1+ 59. Kb3 Qc3+ 60. Ka2 Qa3+ 61. Kb1 Qa1+ 62. Kc2 Qc1+ 63. Kb3 Qc3+ 1/2-1/2


[Site "https://www.chess.com"]

[Event "Titled Tuesday Blitz July 18 Late 2023"]
[White "Leiva, Gianmarco"]
[Black "Poltorak, Sebastian"]
[WhiteFideId "3804399"]
[BlackFideId "1199498"]
[WhiteElo "2725"]
[BlackElo "2530"]
[Result "1-0"]
[Round "6"]
[TimeControl "180+2"]
[Date "2023.07.18"]
[WhiteClock "0:00:04"]
[BlackClock "0:00:00"]
[Board "45"]

1. e4 c6 2. d4 d5 3. exd5 cxd5 4. Bd3 Nf6 5. c3 Nc6 6. h3 g6 7. Nf3 Bg7 8. O-O Bf5 9. Be2 O-O 10. Bf4 h6 11. Nbd2 g5 12. Bh2 Rc8 13. Ne5 Nxe5 14. Bxe5 Qb6 15. Qb3 Rc6 16. Rfe1 e6 17. Bb5 Rcc8 18. a4 Ne4 19. Nxe4 Bxe5 20. Nxg5 Bxd4 21. cxd4 hxg5 22. Qe3 f6 23. Rac1 Qd6 24. Rc3 a6 25. Rxc8 Rxc8 26. Bd3 Bxd3 27. Qxd3 Kg7 28. Qe3 Kf7 29. Qe2 Rc7 30. Qh5+ Kg7 31. h4 gxh4 32. Qxh4 Qe7 33. Re3 Kf7 34. Qh5+ Kf8 35. Qh8+ Kf7 36. Rg3 Rc1+ 37. Kh2 e5 38. Rg7+ Ke6 39. Qg8+ Kd6 40. Rxe7 Kxe7 41. dxe5 1-0


[Site "https://www.chess.com"]

[Event "Titled Tuesday Blitz July 18 Late 2023"]
[White "Santos Flores, Alberto"]
[Black "Smirnov, Pavel"]
[WhiteFideId "3601234"]
[BlackFideId "4123425"]
[WhiteElo "2530"]
[BlackElo "2700"]
[Result "0-1"]
[Round "6"]
[TimeControl "180+2"]
[Date "2023.07.18"]
[WhiteClock "0:00:12"]
[BlackClock "0:01:56"]
[Board "46"]

1. e4 e5 2. Nf3 Nc6 3. Bc4 Nf6 4. d3 Bc5 5. c3 O-O 6. O-O h6 7. h3 d6 8. Re1 a6 9. a4 a5 10. Nbd2 Be6 11. Ba2 Re8 12. Nf1 Bxa2 13. Rxa2 d5 14. Ng3 Qd7 15. Ra1 Rad8 16. Qe2 d4 17. c4 Bb4 18. Rf1 Qe6 19. Nf5 Ne7 20. Nxe7+ Bxe7 21. Nh4 Nd7 22. Nf5 Bf8 23. f4 g6 24. Ng3 exf4 25. Bxf4 Ne5 26. Bxe5 Qxe5 27. Qf3 Rd7 28. Ne2 Bd6 29. Qf4 Qh5 30. Qf3 Qg5 31. Nf4 c6 32. Rae1 Be5 33. Re2 Ree7 34. Ref2 Rd6 35. Ne2 Rf6 36. Qg4 Qe3 37. h4 Bh2+ 38. Kxh2 Rxf2 39. Rxf2 Qxf2 40. Ng3 Qf6 41. h5 Qg5 42. Qxg5 hxg5 43. Kh3 Kg7 44. Kg4 f6 45. hxg6 Kxg6 46. Nf5 Rd7 47. Kf3 c5 48. g4 Rh7 49. Kg3 b6 50. Nd6 Rh1 51. Nc8 Rd1 52. Nxb6 Rxd3+ 53. Kf2 Rd2+ 54. Kf3 Rxb2 55. Nd7 Rc2 56. Nxc5 Rxc4 57. Nb7 Rxa4 58. Ke2 Ra3 59. Nc5 a4 60. Nd3 Rxd3 0-1


[Site "https://www.chess.com"]

[Event "Titled Tuesday Blitz July 18 Late 2023"]
[White "Mattheii"]
[Black "Adewumi, Tanitoluwa"]
[BlackFideId "30966396"]
[WhiteElo "2529"]
[BlackElo "2657"]
[Result "1-0"]
[Round "6"]
[TimeControl "180+2"]
[Date "2023.07.18"]
[WhiteClock "0:00:41"]
[BlackClock "0:00:21"]
[Board "47"]

1. e4 c5 2. Nf3 e6 3. d4 cxd4 4. Nxd4 a6 5. Nc3 Nc6 6. Bf4 Nf6 7. e5 Ng8 8. Be2 Bc5 9. Nxc6 bxc6 10. Ne4 Qb6 11. O-O Ne7 12. c3 Ng6 13. Bg3 O-O 14. h4 f5 15. exf6 gxf6 16. Nxc5 Qxc5 17. Bd6 Qb6 18. h5 Ne5 19. Bxf8 Kxf8 20. Qd6+ Kf7 21. h6 Qb8 22. Bh5+ Ng6 23. Bxg6+ hxg6 24. Qxb8 Rxb8 25. b4 Bb7 26. Rfd1 d5 27. Rd3 Rh8 28. Rh3 e5 29. a4 Bc8 30. Rh2 g5 31. b5 axb5 32. axb5 cxb5 33. Ra8 Kg6 34. h7 Kg7 35. Kf1 Kg6 36. Rxc8 1-0


[Site "https://www.chess.com"]